[Event "8th Gibraltar U16-Junior 2018"]
[Site "Caleta"]
[Date "2018.08.18"]
[Round "3"]
[White "Perez Beltran, Salvador"]
[Black "Howell, Oliver W"]
[Result "1-0"]
[ECO "C01"]
[WhiteElo "2018"]
[BlackElo "1853"]
[Annotator "NA RC"]
[PlyCount "189"]
[EventDate "2018.08.17"]
[EventType "swiss"]
[EventCountry "GGB"]
[SourceTitle "playchess.com"]
[Source "ChessBase"]
[SourceQuality "1"]
[TimeControl "6600+10"]

1. e4 e6 2. d4 d5 3. Bd3 c5 4. exd5 exd5 5. Nf3 Nf6 6. O-O {[%emt 0:00:30] C01: Französische Verteidigung (Abtauschvariante)} Be7 (6... c4 7. Re1+ Be7 8. Be2 O-O 9. b3 cxb3 10. axb3 Nc6 11. c3 Re8 12. Nbd2 Bd6 13. Bd3 Bg4 14. Rxe8+ Qxe8 {0-1 (52) Fontaine,R (2563)-Carlsen,M (2834) chess.com INT 2018}) 7. dxc5 {[%emt 0:03:27] LiveBook: 6 Games} Bxc5 8. Re1+ Be7 9. Qe2 Nc6 $1 $146 ({Vorgänger:} 9... Bg4 10. Nbd2 Nc6 11. h3 Bd7 12. Ne5 Nxe5 13. Qxe5 Rc8 {1-0 (46) Hernandez Leon,S (2110)-Kaizer,B (1842) Arrecife de Lanzarote 2017}) 10. Bb5 Ne4 11. Nd4 (11. c4 $18 Be6 12. Nd4) 11... Bd7 12. Nb3 O-O 13. c4 Be6 14. Rd1 Qb6 $2 (14... Re8 $11) 15. Be3 {[%emt 0:19:15] [#]} (15. cxd5 $18 Bg4 16. Qxe4 Bxd1 17. Bd3 (17. Bxc6 Bxb3 18. Be3 Bc5 $17) (17. dxc6 Qxb5 18. Nc3 Qxc6 $16)) 15... d4 $1 16. Nxd4 Nxd4 17. Rxd4 (17. Bxd4 $16 Bc5 18. Bxc5 (18. Qxe4 Rfd8 $15) 18... Nxc5 19. b4) 17... Nc5 18. Rd1 Rad8 (18... a6 $11) 19. Nc3 a6 {[%emt 0:00:26] [#]} 20. b4 $1 axb5 {[%emt 0:00:36] [#]} 21. Nxb5 (21. Nd5 $1 $16 Bxd5 22. cxd5) 21... Rxd1+ 22. Rxd1 Ra8 (22... Qc6 $14) 23. a3 ({Keinesfalls} 23. Bxc5 $6 Bxc5 24. bxc5 Qxc5 $14) ({Günstiger ist} 23. bxc5 $16 Qa6 24. Nc7 Qxa2 25. Qd3) 23... h6 24. Qh5 $2 ({Of course not} 24. Bxc5 $6 Bxc5 25. bxc5 Qxc5 $11) (24. bxc5 $16 {keeps the pressure on.} Bxc5 {[#]} 25. Rd6 $1 Rxa3 26. Qd1 (26. Rxb6 Ra1+ 27. Qf1 Rxf1+ 28. Kxf1 Bxc4+ 29. Ke1 Bxb6 $15) 26... Qxd6 27. Nxd6 Bxd6 28. h3) 24... Bxc4 25. Nc3 Rxa3 26. bxc5 Qb2 27. Nd5 Bxd5 28. Qxd5 Ra1 29. h3 Rxd1+ 30. Qxd1 Qb5 31. Qd5 Qc6 32. Qe5 Bf6 33. Qb8+ Kh7 34. Qf4 Qa6 35. Qe4+ g6 36. g3 Qa1+ 37. Kg2 Qa6 38. Kh2 Qc6 39. Qc4 Kg7 40. Qf4 Bg5 41. Qd4+ Bf6 42. Qd1 Be7 43. Qc1 h5 44. Bh6+ Kg8 45. Qa1 Qf6 46. Qa8+ $1 Kh7 47. Be3 Qc6 $1 48. Qa5 h4 49. Qb4 hxg3+ 50. Kxg3 Qd5 51. Qc3 Qc6 52. Qe5 Bf6 53. Qf4 Kg8 54. Qb8+ Kh7 55. Qf4 Kg8 56. Qb8+ Kh7 57. Qf8 Be5+ 58. f4 Bg7 59. Qxf7 Qe4 60. Kf2 Qc2+ 61. Kg3 Qe4 62. Qb3 Qh1 63. Qc2 Qe1+ 64. Bf2 Qb4 (64... Qe6 $14) 65. Qd3 Qa5 66. Qb3 ({Besser ist} 66. f5 Qc7+ 67. Kg4) 66... Qc7 {[%emt 0:00:06] [#]} 67. Qd5 $1 Bh6 68. Qd6 Qf7 69. Qd4 Qb3+ 70. Be3 Bg7 71. Qe4 Qc3 72. Kf2 Qb2+ 73. Kg3 Qc3 74. Qf3 $16 Qe1+ 75. Bf2 Qb4 {[%emt 0:00:05] [#]} (75... Qb1 $1 $14) 76. Qd5 (76. f5 $1 $16) 76... Qc3+ 77. Qf3 Qb4 {[%emt 0:00:01] [#]} 78. Qe3 Qc4 79. Qe7 Qd3+ 80. Qe3 Qc4 81. h4 Qd5 82. Qf3 Qd7 (82... Qf7 $14) 83. Qe4 $16 Qf7 84. h5 Qb3+ 85. Be3 Qf7 86. hxg6+ Qxg6+ 87. Qxg6+ Kxg6 88. Kg4 Bf6 89. f5+ Kf7 90. Kf4 Be7 91. Ke5 Bf8 92. f6 b5 93. cxb6 Bb4 94. b7 Bc3+ 95. Kd5 1-0

[Event "8th Gibraltar U16-Junior 2018"]
[Site "Caleta"]
[Date "2018.08.18"]
[Round "3"]
[White "Carroll, Thomas"]
[Black "Onslow, Teddy"]
[Result "1-0"]
[ECO "D35"]
[WhiteElo "1965"]
[BlackElo "1669"]
[Annotator "NA RC"]
[PlyCount "61"]
[EventDate "2018.08.17"]
[EventType "swiss"]
[EventCountry "GGB"]
[SourceTitle "playchess.com"]
[Source "ChessBase"]
[SourceQuality "1"]
[TimeControl "6600+10"]

1. d4 d5 2. c4 e6 3. Nc3 Nf6 4. cxd5 exd5 5. Bg5 Be7 6. e3 O-O 7. Bd3 h6 8. Bh4 b6 9. Nge2 Bb7 10. O-O Ne4 {[%emt 0:01:40] D35: Queen's Gambit Declined: Exchange Variation} 11. Bxe7 Qxe7 12. Nf4 Nxc3 13. bxc3 Nd7 {[%emt 0:00:33] [#]} 14. a4 $146 ({Predecessor:} 14. Qb3 Nf6 15. c4 Rfd8 16. c5 Rab8 17. Rfc1 bxc5 18. Rxc5 {½-½ (31) Nakamura,H (2601)-Nikolayev,I (2334) New York 2004}) 14... Rfe8 15. a5 a6 16. Qb3 Qd6 17. Be2 b5 18. Bf3 Nf6 19. Nd3 Nd7 20. Rfd1 Rac8 21. Bg4 Rb8 22. Bxd7 Qxd7 23. Nc5 Qd6 24. Qc2 Qc6 25. Rdb1 Bc8 26. Rb2 Qf6 27. Qe2 Ra8 28. Re1 $14 Qc6 29. Qh5 f5 30. Nd3 Qf6 31. Qxe8+ {[%emt 0:00:23] Qd8 [%emt 00:00:39]} 1-0

[Event "8th Gibraltar U16-Junior 2018"]
[Site "Caleta"]
[Date "2018.08.18"]
[Round "3"]
[White "Silva, Pedro Gil Ferreira "]
[Black "Cuellar Montes, Alejandro"]
[Result "1/2-1/2"]
[ECO "B07"]
[WhiteElo "1795"]
[BlackElo "2074"]
[Annotator "NA RC"]
[PlyCount "130"]
[EventDate "2018.08.17"]
[EventType "swiss"]
[EventCountry "GGB"]
[SourceTitle "playchess.com"]
[Source "ChessBase"]
[SourceQuality "1"]
[TimeControl "6600+10"]

1. e4 d6 2. d4 Nf6 3. Nc3 Nbd7 4. f4 e5 5. Nf3 exd4 6. Qxd4 c6 7. Bc4 (7. Bd2 $14) 7... d5 {[%emt 0:00:51] LiveBook: 12 Partien B07: Pirc Defence: Miscellaneous Systems} 8. Be2 (8. exd5 $11 {remains equal.} Bc5 9. Qd3 O-O 10. dxc6 bxc6 11. Bd2 Re8+ 12. Ne2 Ne4 13. O-O-O Qe7 14. Rhf1 Nxd2 15. Ng5 {1-0 (61) Neiksans,A (2503)-Vachier Lagrave,M (2703) Warsaw 2010}) 8... Bc5 9. Qd3 O-O $146 (9... Qb6 $17 10. exd5 O-O) ({Predecessor:} 9... Ng4 10. Nd4 Ndf6 11. e5 Ne4 12. Bxg4 Bxg4 13. O-O Qd7 14. Be3 O-O-O 15. Rab1 {1-0 (68) Hakimifard,G (2102)-Rudolf,A (2273) Yerevan 2007}) 10. e5 $1 Ne4 11. Nxe4 dxe4 12. Qxe4 Qb6 13. Ng5 g6 14. h4 Qb4+ (14... h6 $1 $11) 15. c3 Qxe4 16. Nxe4 Be7 17. Be3 Nb6 18. c4 Be6 19. b3 Rad8 20. g3 Bf5 21. Nc5 f6 22. exf6 Bxf6 23. Rd1 Rde8 24. Kf2 Re7 25. Bd4 Rfe8 26. Bf3 Bxd4+ 27. Rxd4 h5 28. Rdd1 Nc8 29. Rhe1 Rxe1 30. Rxe1 Rxe1 31. Kxe1 Nd6 32. Kd2 Kg7 33. Nd3 ({White should play} 33. Na4 $16) 33... Kf6 (33... Bxd3 $1 $11 34. Kxd3 Nf5) 34. Ne5 a5 $2 {[%emt 0:00:46] [#]} (34... c5 $16 {kämpft weiter.}) 35. a3 ({Only move:} 35. c5 $1 $18 Nb5 36. Nc4) 35... Ke6 $2 {[%emt 0:01:14] [#]} ({Black should play} 35... c5 $14) 36. Kc3 (36. c5 $1 $18 {[%cal Rc5d6] and the rest is easy.} Nb5 37. Nc4) 36... Nc8 $2 (36... c5 $16 {is a better defense.}) 37. b4 axb4+ 38. axb4 Nd6 39. Kd4 Nc8 40. Be4 Bxe4 41. Kxe4 Nd6+ 42. Kd4 b5 43. cxb5 cxb5 44. Nxg6 Nf5+ 45. Kc5 Nxg3 46. Ne5 $2 (46. Kxb5 $18 Kf5 47. Ne7+ Ke6 48. Ng6) 46... Ke7 $2 (46... Ne2 $11) 47. Kxb5 Kd8 48. Kc6 Ne2 49. Nd3 Nd4+ 50. Kd5 Nf5 51. b5 $2 (51. Ke6 $18 {ist viel giftiger.}) 51... Nxh4 52. b6 Nf5 53. Ke5 Ne7 54. f5 h4 55. f6 Ng6+ 56. Kf5 (56. Kd6 $142 Ke8 57. b7 Kf7 58. Nf2 Kxf6 59. b8=Q Kg7 60. Ng4 Nf8 61. Qb2+ Kh7 62. Qf6) 56... Nf8 57. Nc5 $2 (57. Nf4 $18 Nd7 58. f7) 57... Kc8 $2 (57... h3 $11 58. Ne4 h2) 58. Kg4 Ng6 59. f7 $11 (59. Kh5 {mates} Ne5 60. Kxh4 Nf7 61. Kg4 Ne5+ 62. Kf5 Nf7 63. Kg6 Ne5+ 64. Kg7) 59... Kd8 60. Ne6+ Kc8 61. f8=Q+ Nxf8 62. Nxf8 Kb7 63. Nd7 Kc6 64. Kxh4 Kxd7 65. b7 Kc7 1/2-1/2

[Event "8th Gibraltar U16-Junior 2018"]
[Site "Caleta"]
[Date "2018.08.18"]
[Round "3"]
[White "Lovell, William Pm"]
[Black "Headlong, Benjamin"]
[Result "1-0"]
[ECO "A20"]
[WhiteElo "1783"]
[BlackElo "1597"]
[Annotator "NA RC"]
[PlyCount "64"]
[EventDate "2018.08.17"]
[EventType "swiss"]
[EventCountry "GGB"]
[SourceTitle "playchess.com"]
[Source "ChessBase"]
[SourceQuality "1"]
[TimeControl "6600+10"]

1. c4 e5 2. g3 Nf6 3. Bg2 Nc6 4. a3 d6 5. Nc3 Be6 6. d3 d5 7. cxd5 Nxd5 8. Nf3 Be7 9. O-O h5 10. Qa4 Nb6 11. Qc2 h4 12. Ne4 f5 13. Nc5 Bc8 14. b4 hxg3 15. hxg3 Bf6 16. Bb2 Qe7 17. b5 Nd8 18. d4 e4 19. Ne5 Bxe5 20. dxe5 Ne6 21. Nxe6 Bxe6 22. Rfd1 Qf7 23. Rd4 Rc8 24. Rc1 Qh5 25. a4 f4 26. Qxe4 Qh2+ 27. Kf1 Bh3 28. Qg6+ Kf8 29. Rxf4+ Ke7 30. Qxg7+ Ke8 31. Qxh8+ Kd7 32. Qxh3+ Ke8 1-0

[Event "8th Gibraltar U16-Junior 2018"]
[Site "Caleta"]
[Date "2018.08.18"]
[Round "3"]
[White "Atara, Omeet J"]
[Black "Jayawarna, Nugith"]
[Result "0-1"]
[ECO "A45"]
[WhiteElo "1704"]
[BlackElo "2013"]
[Annotator "NA RC"]
[PlyCount "66"]
[EventDate "2018.08.17"]
[EventType "swiss"]
[EventCountry "GGB"]
[SourceTitle "playchess.com"]
[Source "ChessBase"]
[SourceQuality "1"]
[TimeControl "6600+10"]

1. d4 Nf6 2. Bg5 Ne4 3. Bf4 d5 4. f3 Nf6 5. Nc3 e6 6. e4 {[%emt 0:00:26] LiveBook: 87 Games} Be7 {[%emt 0:04:25] A45: Damenbauernspiele (Trompowski-Angriff)} (6... Bb4 7. Qd3 O-O 8. O-O-O b6 9. Nge2 c5 10. exd5 Ba6 11. Qe3 exd5 12. a3 Bxc3 13. Nxc3 Bxf1 14. Rhxf1 Nc6 {1-0 (32) Wei,Y (2727)-Ma,Q (2637) China 2017}) 7. Qd2 a6 8. O-O-O O-O 9. g4 b5 10. g5 Nh5 $146 ({Vorgänger:} 10... Ne8 11. h4 b4 12. Na4 Nd7 13. b3 Bb7 14. Bd3 {½-½ (62) Lputian,S (2610)-Gufeld,E (2480) Los Angeles 1998}) 11. Be3 $1 Bb7 12. Bd3 {[%emt 0:10:48] [#]} (12. exd5 $14 b4 13. Ne4) 12... c5 $1 13. exd5 $1 cxd4 14. Bxd4 Bxg5 15. Be3 Bxe3 16. Qxe3 exd5 17. Be4 Nf6 18. Qd2 Nxe4 19. fxe4 Qa5 (19... Qe7 $17 20. exd5 Nd7) 20. exd5 (20. Nge2 $14) 20... b4 21. Nge2 $2 (21. Ne4 $11) 21... bxc3 22. Nxc3 Nd7 23. Qd4 Qb6 24. Qg4 Rad8 25. Rhg1 g6 26. h4 Nf6 27. Qg5 Nxd5 28. Rd3 Nxc3 29. Rxc3 Rd5 30. Qg3 Qd6 31. Qe3 Rd8 32. Qe1 Qf4+ 33. Kb1 Re5 $19 0-1

[Event "8th Gibraltar U16-Junior 2018"]
[Site "Caleta"]
[Date "2018.08.18"]
[Round "3"]
[White "Lorente Serrano, Rosa Adela"]
[Black "Guerreiro, Jose Velho"]
[Result "1/2-1/2"]
[ECO "D13"]
[WhiteElo "1682"]
[BlackElo "1525"]
[Annotator "NA RC"]
[PlyCount "106"]
[EventDate "2018.08.17"]
[EventType "swiss"]
[EventCountry "GGB"]
[SourceTitle "playchess.com"]
[Source "ChessBase"]
[SourceQuality "1"]
[TimeControl "6600+10"]

1. d4 d5 2. c4 c6 3. Nc3 Nf6 4. Bg5 e6 5. cxd5 cxd5 6. Nf3 Be7 7. e3 O-O 8. Bd3 b6 9. O-O Bb7 10. a3 h6 11. Bh4 Nc6 12. b4 Rc8 13. Rc1 Ng4 14. Bxe7 Qxe7 15. Qb3 Rfd8 16. h3 Nf6 17. Rb1 Nb8 18. Rfc1 Ba6 19. b5 Bb7 20. a4 Rc7 21. a5 Rdc8 22. a6 Ba8 23. Qb2 Nbd7 24. Na4 Ne4 25. Bxe4 dxe4 26. Rxc7 Rxc7 27. Nd2 Nf6 28. Rc1 Nd5 29. Nc3 Qb4 30. Qxb4 Nxb4 31. Rb1 Rxc3 32. Rxb4 Bd5 33. Rb2 Kf8 34. Kf1 g5 35. Ke2 Ke7 36. f3 exf3+ 37. gxf3 f5 38. e4 Bc4+ 39. Nxc4 Rxc4 40. Kd3 Rc1 41. Rc2 Rxc2 42. Kxc2 Kd6 43. Kd3 h5 44. Ke3 f4+ 45. Ke2 e5 46. Kd3 Ke6 47. Kc3 Kd6 48. Kd3 Ke6 49. Kc3 exd4+ 50. Kxd4 Kd6 51. e5+ Ke6 52. Ke4 h4 53. Kd4 Ke7 1/2-1/2

[Event "8th Gibraltar U16-Junior 2018"]
[Site "Caleta"]
[Date "2018.08.18"]
[Round "3"]
[White "Ye, Kevin"]
[Black "Cox, Toby"]
[Result "1-0"]
[ECO "B00"]
[WhiteElo "1653"]
[BlackElo "1479"]
[Annotator "NA RC"]
[PlyCount "69"]
[EventDate "2018.08.17"]
[EventType "swiss"]
[EventCountry "GGB"]
[SourceTitle "playchess.com"]
[Source "ChessBase"]
[SourceQuality "1"]
[TimeControl "6600+10"]

1. e4 e6 2. d4 b6 3. Nf3 Bb7 4. Bd3 d6 5. O-O Nd7 6. c3 e5 7. Re1 Ngf6 8. Nbd2 Be7 9. Nf1 c5 10. Ng3 h5 11. Bg5 g6 12. Qb3 Ng4 13. Bc4 Rh7 14. h4 f6 15. Bd2 Qc7 16. Nh2 Nxh2 17. Bg8 Nf3+ 18. gxf3 O-O-O 19. Bxh7 c4 20. Qa4 Nf8 21. Bg8 Bc6 22. Qxc4 f5 23. Be6+ Nxe6 24. Qxe6+ Kb8 25. Qxg6 Bxh4 26. Nxf5 Qc8 27. Bh6 Rg8 28. Bg7 Qd7 29. c4 exd4 30. Kf1 Bb7 31. Qxh5 Bd8 32. Bxd4 Ba6 33. b3 b5 34. Nxd6 Bc7 35. Nxb5 1-0

[Event "8th Gibraltar U16-Junior 2018"]
[Site "Caleta"]
[Date "2018.08.18"]
[Round "3"]
[White "Greco, Joseph"]
[Black "Mahtani, Johan"]
[Result "1-0"]
[ECO "C54"]
[WhiteElo "1626"]
[BlackElo "1166"]
[Annotator "NA RC"]
[PlyCount "113"]
[EventDate "2018.08.17"]
[EventType "swiss"]
[EventCountry "GGB"]
[SourceTitle "playchess.com"]
[Source "ChessBase"]
[SourceQuality "1"]
[TimeControl "6600+10"]

1. e4 e5 2. Nf3 Nc6 3. Bc4 Bc5 4. c3 d6 5. h3 Nf6 6. d3 O-O 7. a4 a5 8. O-O Qe7 9. Re1 Be6 10. Qb3 Bxc4 11. Qxc4 Bb6 12. Nbd2 Rfe8 13. Nf1 Qe6 14. Qxe6 Rxe6 15. Ng5 Ree8 16. Be3 Bxe3 17. Nxe3 Ne7 18. Nf3 Nd7 19. b4 f6 20. Reb1 b6 21. Nd2 Nc6 22. Nd5 Ra7 23. b5 Ne7 24. c4 Nc5 25. Ra3 Nxd5 26. cxd5 Re7 27. Rd1 Rf7 28. Nb3 Nxb3 29. Rxb3 f5 30. f3 g6 31. Rc3 Kf8 32. Rdc1 f4 33. h4 Ke8 34. Kh2 Kd7 35. Rc6 h5 36. Kh3 Rf8 37. R1c4 Rg8 38. Rc2 Rg7 39. g4 fxg3 40. Kxg3 Rf7 41. d4 exd4 42. Rd2 Ra8 43. Rxd4 Raf8 44. Rd3 Re7 45. Rdc3 Rc8 46. R3c4 Re5 47. f4 Re7 48. Kf3 Rf7 49. Ke3 Re7 50. Rc1 Rf7 51. e5 Re7 52. e6+ Ke8 53. Rxd6 Kf8 54. Rxb6 Kg7 55. Rb7 Kf6 56. b6 cxb6 57. Rxe7 1-0

[Event "8th Gibraltar U16-Junior 2018"]
[Site "Caleta"]
[Date "2018.08.18"]
[Round "3"]
[White "Shepherd, Tom"]
[Black "Samworth-Calvier, Juju"]
[Result "1-0"]
[ECO "A84"]
[WhiteElo "1531"]
[BlackElo "1816"]
[Annotator "NA RC"]
[PlyCount "225"]
[EventDate "2018.08.17"]
[EventType "swiss"]
[EventCountry "GGB"]
[SourceTitle "playchess.com"]
[Source "ChessBase"]
[SourceQuality "1"]
[TimeControl "6600+10"]

1. d4 e6 2. c4 f5 3. Nf3 Nf6 4. e3 Bb4+ 5. Bd2 {[%emt 0:00:33] A84: Holländische Verteidigung} (5. Nbd2 O-O 6. Bd3 d5 7. O-O c6 8. Ne5 Nbd7 9. cxd5 cxd5 10. Ndf3 Ne4 11. Nxd7 Bxd7 12. Qb3 Qb6 {0-1 (105) Salinas Herrera,P (2466)-Agdestein,S (2602) Doha 2016}) 5... Bxd2+ 6. Nbxd2 b6 7. Bd3 Bb7 {[%emt 0:00:23] LiveBook: 5 Games} 8. O-O O-O 9. Qc2 d6 10. e4 fxe4 11. Nxe4 h6 $146 ({Vorgänger:} 11... Bxe4 12. Bxe4 {1-0 (41) Oliver,M (1874)-Wilson,A (2042) England 2011}) 12. Nxf6+ Qxf6 13. Be4 d5 14. cxd5 exd5 15. Bh7+ (15. Qxc7 dxe4 16. Qxb7 exf3 $19) 15... Kh8 16. Ne5 ({Worse is} 16. Qxc7 Ba6 $17) 16... c5 17. Rae1 ({Jedoch nicht} 17. Ng6+ $6 Kxh7 18. Nxf8+ Kg8 $16) 17... Ba6 $2 (17... Nc6 $16) 18. Ng6+ Kxh7 19. Nxf8+ Kg8 20. Qh7+ Kf7 21. Re6 Nd7 22. Rxf6+ Nxf6 23. Qg6+ Kxf8 24. Rd1 Re8 25. dxc5 bxc5 26. h3 d4 27. g4 Be2 28. Rd2 d3 29. Rxd3 Bxd3 30. Qxd3 Ne4 31. f3 Ng5 32. Kg2 Ne6 33. Qd6+ Kf7 34. Qd7+ Re7 35. Qd6 g5 36. Kg3 Kf6 37. Qd5 Nf4 38. Qf5+ Kg7 39. h4 Ne2+ 40. Kf2 gxh4 41. g5 hxg5 42. Qxg5+ Kf8 43. Qxh4 Nd4 44. b4 Re2+ 45. Kf1 Rxa2 46. Qh8+ (46. Qd8+ $142 Kg7 47. bxc5 Ra1+ 48. Kg2) 46... Ke7 47. Qe5+ Ne6 48. bxc5 Ra5 49. Qd6+ Kf6 50. c6 Ra1+ 51. Kf2 Rc1 52. f4 Rc2+ 53. Kg3 Rc3+ 54. Kg4 Rc4 55. Qe5+ Ke7 56. c7 a5 57. c8=Q Rxc8 58. f5 Rc4+ 59. Kg3 Rc6 60. fxe6 a4 61. Qb5 Rxe6 62. Qxa4 Rd6 63. Kf4 Rf6+ 64. Kg5 Rd6 65. Qb4 Kd7 66. Kf5 Rc6 67. Ke5 Kc7 68. Kd5 Rb6 69. Qc5+ Kb7 70. Qe7+ Ka6 71. Kc5 Rb5+ 72. Kc4 Rb6 73. Qc7 Rb7 74. Qc8 Ka7 $11 75. Kc5 (75. Qe6 Rb6) 75... Rb5+ $1 76. Kc4 Rb6 $2 77. Qc7+ (77. Qd8 {setzt Matt} Rb7 78. Kc5 Rb2 79. Qc7+ Ka8 80. Qc6+ Rb7 81. Qh1 Ka7 82. Kc6) 77... Ka8 78. Qc8+ $2 (78. Qd8+ {mates} Kb7 79. Qd7+ Kb8 80. Kc5 Ra6 81. Kb5 Ra1 82. Qd8+ Kb7 83. Qd5+ Kc8 84. Qf5+ Kc7 85. Qe5+ Kd7 86. Qxa1) 78... Ka7 79. Kc5 $2 Rb5+ 80. Kd6 Rb6+ 81. Kd7 Rb7+ 82. Ke6 Rb6+ 83. Kd5 Rb5+ 84. Kc4 Rb6 85. Qc5 Ka8 86. Qa5+ Kb7 87. Kc5 Rc6+ $1 88. Kb5 Rd6 89. Kc5 $2 (89. Qa2 {mates} Kc7 90. Qf7+ Kd8 91. Kc5 Ra6 92. Qd5+ Kc8 93. Qe4 Kc7 94. Qe7+ Kb8 95. Kb5) 89... Rc6+ 90. Kd5 Rb6 91. Qe1 Ka7 92. Kc5 Rb7 93. Kc6 (93. Qa5+ $142 Kb8 94. Kc6 Rb1 95. Qe5+ Ka7 96. Qd4+ Ka8 97. Qh8+ Ka7 98. Qh7+ Kb8 99. Qxb1+ Kc8 100. Qh7 Kd8 101. Qd7#) 93... Rb6+ 94. Kc5 Rb7 95. Qa1+ Kb8 96. Qa5 Rc7+ 97. Kb6 Re7 98. Qd5 Kc8 99. Qf5+ Kd8 100. Kc6 Re6+ 101. Kd5 Rb6 $2 {[%emt 0:01:23] [#]} (101... Ra6 $11) 102. Qf8+ $2 (102. Kc5 $1 {mates} Rb2 103. Qf6+ Kd7 104. Qxb2 Ke6 105. Qd4 Kf5 106. Kd6 Kg6 107. Ke6) 102... Kc7 103. Qe7+ Kb8 104. Kc5 Rb7 105. Qd8+ Ka7 106. Kc6 Rf7 107. Qa5+ $18 (107. Qd4+ $142 Ka8 108. Kb6 Rb7+ 109. Ka6 Rb6+ 110. Kxb6 Kb8 111. Qh8#) 107... Kb8 108. Qb4+ Ka7 109. Qa4+ Kb8 110. Qb3+ Ka7 111. Qxf7+ Ka6 112. Qb7+ Ka5 113. Qb5# 1-0

[Event "8th Gibraltar U16-Junior 2018"]
[Site "Caleta"]
[Date "2018.08.18"]
[Round "3"]
[White "Schulz, Victor"]
[Black "Kirupakaran, Vishnu"]
[Result "1-0"]
[ECO "B22"]
[WhiteElo "1510"]
[BlackElo "1786"]
[Annotator "NA RC"]
[PlyCount "69"]
[EventDate "2018.08.17"]
[EventType "swiss"]
[EventCountry "GGB"]
[SourceTitle "playchess.com"]
[Source "ChessBase"]
[SourceQuality "1"]
[TimeControl "6600+10"]

1. e4 c5 2. c3 Nf6 3. e5 Nd5 4. d4 cxd4 5. Nf3 Nc6 6. Bc4 e6 7. cxd4 d6 8. Bxd5 exd5 9. Be3 Bg4 10. exd6 Bxd6 11. Nbd2 Bb4 12. O-O O-O 13. Qb3 a5 14. Qd3 Bd6 15. b3 Qb6 16. a3 Rac8 17. Ne5 Be6 18. Ndf3 f6 19. Nxc6 Rxc6 20. a4 Rfc8 21. Rac1 Ba3 22. Rxc6 Rxc6 23. Ra1 Bb2 24. Rb1 Rc3 25. Qe2 Ba3 26. Bd2 Rc6 27. Qe1 Bf5 28. Bxa5 Qa6 29. Rd1 Bc2 30. Qe8+ Bf8 31. Bb4 h6 32. Qxf8+ Kh7 33. Re1 Bxb3 34. Re7 Rc1+ 35. Be1 1-0

[Event "8th Gibraltar U16-Junior 2018"]
[Site "Caleta"]
[Date "2018.08.18"]
[Round "3"]
[White "Cox, Ben"]
[Black "Rayner, Hugo"]
[Result "1-0"]
[ECO "C30"]
[WhiteElo "1466"]
[BlackElo "1391"]
[Annotator "NA RC"]
[PlyCount "53"]
[EventDate "2018.08.17"]
[EventType "swiss"]
[EventCountry "GGB"]
[SourceTitle "playchess.com"]
[Source "ChessBase"]
[SourceQuality "1"]
[TimeControl "6600+10"]

1. e4 e5 2. f4 Bc5 3. Nf3 Nf6 4. Nc3 d6 5. Bc4 Nc6 6. d3 O-O 7. f5 h6 8. h3 Nd4 9. Bd2 c6 10. a3 d5 11. Ba2 dxe4 12. dxe4 Nxf3+ 13. Qxf3 Qd4 14. O-O-O Qf2 15. Qxf2 Bxf2 16. g4 Bh4 17. Rdg1 b6 18. g5 hxg5 19. Bxg5 Bxg5+ 20. Rxg5 Ne8 21. Rhg1 Kh7 22. Rh5+ Kg8 23. Rh6 a6 24. f6 Nxf6 25. Rxf6 Bxh3 26. Rxc6 b5 27. Rcg6 1-0

[Event "8th Gibraltar U16-Junior 2018"]
[Site "Caleta"]
[Date "2018.08.18"]
[Round "3"]
[White "Bansal, Saahil"]
[Black "Patel, Devan"]
[Result "0-1"]
[ECO "D60"]
[WhiteElo "1454"]
[BlackElo "1716"]
[Annotator "NA RC"]
[PlyCount "138"]
[EventDate "2018.08.17"]
[EventType "swiss"]
[EventCountry "GGB"]
[SourceTitle "playchess.com"]
[Source "ChessBase"]
[SourceQuality "1"]
[TimeControl "6600+10"]

1. d4 d5 2. c4 e6 3. Nc3 Nf6 4. Bg5 Be7 5. Nf3 O-O 6. e3 Nbd7 7. Bd3 h6 8. Bh4 a6 9. O-O dxc4 10. Bxc4 b5 11. Bd3 Bb7 12. Rc1 c5 13. dxc5 Nxc5 14. Be2 Qb6 15. Qc2 Rac8 16. Qb1 b4 17. Nd1 Be4 18. Qa1 Nd3 19. Rxc8 Rxc8 20. Bxd3 Bxd3 21. Re1 b3 22. Nc3 Rxc3 23. Nd2 Rc2 24. Nxb3 Bc4 25. Bg3 Bxb3 26. axb3 Ne4 27. Qa4 Nxg3 28. hxg3 Qc6 29. Qa1 Bf6 30. Qd1 Rxb2 31. Qd3 Qc3 32. Rd1 Qxd3 33. Rxd3 g6 34. g4 Kg7 35. g3 Ra2 36. Kf1 a5 37. Ke1 Ra3 38. Ke2 a4 39. bxa4 Rxd3 40. Kxd3 Bd8 41. f4 Kf6 42. Ke4 Bb6 43. Kf3 Ke7 44. e4 Bc7 45. e5 f6 46. exf6+ Kxf6 47. Ke4 g5 48. Kf3 e5 49. f5 Ke7 50. Ke4 Kd6 51. Kd3 Kd5 52. Ke3 Bd8 53. Kd3 e4+ 54. Ke3 Ke5 55. Ke2 Kd4 56. Kf2 Kd3 57. a5 Bxa5 58. f6 Bb4 59. f7 Kd2 60. f8=Q Bxf8 61. Kf1 e3 62. Kg2 e2 63. Kf3 e1=Q 64. Kg2 Qe2+ 65. Kh1 Bg7 66. Kg1 Bd4+ 67. Kh1 Qf1+ 68. Kh2 Qg1+ 69. Kh3 Qh1# 0-1

[Event "8th Gibraltar U16-Junior 2018"]
[Site "Caleta"]
[Date "2018.08.18"]
[Round "3"]
[White "Chouki, Aali"]
[Black "Cortes Villa, Jaime"]
[Result "1-0"]
[ECO "B23"]
[WhiteElo "1413"]
[BlackElo "1700"]
[Annotator "NA RC"]
[PlyCount "173"]
[EventDate "2018.08.17"]
[EventType "swiss"]
[EventCountry "GGB"]
[SourceTitle "playchess.com"]
[Source "ChessBase"]
[SourceQuality "1"]
[TimeControl "6600+10"]

1. e4 c5 2. Nc3 g6 3. f4 Bg7 4. Nf3 d6 5. Bc4 Nc6 6. d3 e6 7. O-O Nge7 8. Bb3 O-O 9. Qe1 Nd4 10. Nxd4 cxd4 11. Ne2 Kh8 12. Ng3 Qc7 13. f5 exf5 14. exf5 Nxf5 15. Nxf5 Bxf5 16. Bf4 Be5 17. Qd2 Rfe8 18. Rae1 Re7 19. h3 Rae8 20. Bh6 Qd7 21. Qf2 Bg7 22. Bxg7+ Kxg7 23. Qxd4+ Kg8 24. Rxe7 Qxe7 25. Qxa7 Qe3+ 26. Qxe3 Rxe3 27. Kf2 Re7 28. Re1 Rc7 29. Re8+ Kg7 30. Rd8 Bd7 31. c3 Kf6 32. Rf8 Bf5 33. d4 h5 34. Re8 Be6 35. d5 Bf5 36. h4 Bg4 37. Re4 Kg7 38. g3 f6 39. Ke3 g5 40. Kd4 f5 41. Re1 gxh4 42. gxh4 f4 43. Rf1 f3 44. Bd1 Rf7 45. Ke3 Rf5 46. c4 Re5+ 47. Kf4 Bh3 48. Rxf3 Bg4 49. Rg3 Rf5+ 50. Ke4 Re5+ 51. Kd3 b5 52. b3 bxc4+ 53. bxc4 Re1 54. Bxg4 hxg4 55. Rxg4+ Kf6 56. Re4 Rd1+ 57. Kc2 Ra1 58. Kb3 Rb1+ 59. Kc2 Ra1 60. Kb2 Rh1 61. a4 Rh2+ 62. Kb3 Kf5 63. Re6 Rxh4 64. Rxd6 Ke5 65. c5 Rh8 66. Kc4 Ra8 67. Re6+ Kf5 68. Kb5 Rb8+ 69. Rb6 Rd8 70. d6 Ke6 71. Rb7 Rc8 72. d7 Ra8 73. Kc6 Ke7 74. Kc7 Rd8 75. Rb8 Rxd7+ 76. Kb6 Rd1 77. a5 Ra1 78. a6 Kd7 79. c6+ Kd6 80. Rd8+ Ke7 81. Rd7+ Ke8 82. a7 Rb1+ 83. Ka6 Ra1+ 84. Kb7 Rb1+ 85. Kc8 Ra1 86. Kb8 Rb1+ 87. Rb7 1-0

[Event "8th Gibraltar U16-Junior 2018"]
[Site "Caleta"]
[Date "2018.08.18"]
[Round "3"]
[White "Seleznev, Egor"]
[Black "Dharmasena, Gavith"]
[Result "0-1"]
[ECO "D02"]
[WhiteElo "1388"]
[BlackElo "1433"]
[Annotator "NA RC"]
[PlyCount "64"]
[EventDate "2018.08.17"]
[EventType "swiss"]
[EventCountry "GGB"]
[SourceTitle "playchess.com"]
[Source "ChessBase"]
[SourceQuality "1"]
[TimeControl "6600+10"]

1. d4 d5 2. Bf4 Nf6 3. Nf3 c5 4. e3 a6 5. c3 Qb6 6. Qc2 Nc6 7. Nbd2 Bg4 8. Be2 e6 9. O-O Be7 10. h3 Bh5 11. Rfe1 Rc8 12. Nb3 Bg6 13. Qc1 c4 14. Nbd2 h6 15. Bd1 O-O 16. Bc2 Bd3 17. Bxd3 cxd3 18. e4 dxe4 19. Nxe4 Nb4 20. Nxf6+ Bxf6 21. Rb1 Nc2 22. Ne5 Bxe5 23. Rxe5 Nxd4 24. Qd2 Ne2+ 25. Kf1 Nxf4 26. Qxf4 Rxc3 27. Re3 Rfc8 28. Rg3 Qxb2 29. Re1 d2 30. Rd1 Rc1 31. Rxg7+ Kxg7 32. Qg4+ Kh8 0-1